 Dungeon Crawl Stone Soup version 0.29.0 (webtiles) character file.

Game seed: 1773578890695978191

486368 Dorkslayer the Slayer (level 24, 0/227 (243) HPs)
             Began as a Hill Orc Fighter on Sept 22, 2022.
             Was an Initiate of Gozag.
             Slain by a reaper
             ... wielding a +2 scythe of freezing
             ... summoned by Xiuxad
              (24 damage)
             ... on level 6 of a ziggurat.
             The game lasted 03:49:00 (62138 turns).

Dorkslayer the Slayer (Hill Orc Fighter)           Turns: 62138, Time: 03:49:01

HP:   0/227 (243)   AC: 22    Str: 35    XL:     24   Next: 64%
MP:   34/34         EV: 17    Int: 10    God:    Gozag
Gold: 3146          SH: 20    Dex: 18    Spells: 23/23 levels left

rFire   . . .      SeeInvis +   a - +8 war axe (vorpal)
rCold   + + .      Faith    .   L - +1 buckler of the Barracuda {Str+4}
rNeg    . . .      Spirit   .   w - +6 plate armour {rC+}
rPois   +          Reflect  +   X - +2 hat of the Four Souls {rPois Regen+ Int+2}
rElec   +          Harm     .   u - +2 cloak of the Painted God {rC+}
rCorr   .          Rampage  .   g - +2 pair of gloves {Str+3}
Will    ++...                   (no boots)
Stlth   ..........              W - amulet of reflection
HPRegen 1.27/turn               Y - ring "Hiz God" {rElec Dex+6 SInv}
MPRegen 0.24/turn               T - ring "Puwemeon" {Will+ MP+9 EV+4}

@: mighty, corroded, gold aura, hasted, drained, invisible, very quick
A: large bone plates 1, high MP 1
}: 3/15 runes: barnacled, silver, gossamer
a: Renounce Religion, Potion Petition, Call Merchant, Bribe Branch


You were on level 6 of a ziggurat.
You worshipped Gozag.
Gozag was most pleased with you.
You visited 8 branches of the dungeon, and saw 40 of its levels.
You visited 1 bazaar.
You visited 1 ziggurat, and saw 6 of its levels.
You also visited: Sewer, Gauntlet, Volcano and Desolation.

You collected 20606 gold pieces.
You spent 4990 gold pieces at shops.
You paid 12470 gold pieces to Gozag.

Inventory:

Hand Weapons
 a - a +8 vorpal war axe (weapon)
 k - a +3 vampiric broad axe
 r - a +2 morningstar of flaming
Missiles
 d - 14 javelins (quivered)
 x - 14 silver javelins
 M - 31 boomerangs
 S - 5 throwing nets
Armour
 g - a +2 pair of gloves of strength (worn)
 p - the +2 hood of the Assassin {Detection Stab+ Stlth++}
   (You bought it in a shop on level 2 of the Orcish Mines)

   It allows the wearer to sense nearby creatures.
   It allows the wearer to make particularly effective stabbing attacks against
   helpless or unaware enemies with any weapon.
   Stlth:     It makes you much more stealthy.
 u - the +2 cloak of the Painted God (worn) {rC+}
   (You found it in a Gauntlet)

   rC:        It protects you from cold.
 w - a +6 plate armour of cold resistance (worn)
 y - a +2 kite shield
 E - the +0 pair of gloves of Niacukk {rN+ Int+3 Dex+3}
   (You found it on level 1 of the Spider Nest)

   Int:       It affects your intelligence (+3).
   Dex:       It affects your dexterity (+3).
   rN:        It protects you from negative energy.
 L - the +1 buckler of the Barracuda (worn) {Str+4}
   (You found it in the Desolation of Salt)

   Str:       It affects your strength (+4).
 X - the +2 hat of the Four Souls (worn) {rPois Regen+ Int+2}
   (You acquired it on level 4 of the Shoals)

   Int:       It affects your intelligence (+2).
   rPois:     It protects you from poison.
   Regen:     It increases your rate of health regeneration.
Jewellery
 z - the ring "Ahagrare" {rPois Str+3}
   (You found it in the Desolation of Salt)

   [ring of poison resistance]

   Str:       It affects your strength (+3).
   rPois:     It protects you from poison.
 J - the ring "Sonor" {Fly rF+}
   (You found it in the Desolation of Salt)

   [ring of flight]

   rF:        It protects you from fire.
   Fly:       It grants you flight.
 T - the ring "Puwemeon" (right hand) {Will+ MP+9 EV+4}
   (You found it on level 12 of the Dungeon)

   [ring of evasion]

   EV:        It affects your evasion (+4).
   MP:        It affects your magic capacity (+9).
   Will:      It increases your willpower.
 W - an amulet of reflection (around neck)
 Y - the ring "Hiz God" (left hand) {rElec Dex+6 SInv}
   (You found it on level 1 of the Vaults)

   [ring of dexterity]

   Dex:       It affects your dexterity (+6).
   rElec:     It insulates you from electricity.
   SInv:      It lets you see invisible.
Wands
 j - a wand of acid (14)
 t - a wand of paralysis (25)
 A - a wand of roots (12)
 B - a wand of flame (5)
 D - a wand of digging (11)
 K - a wand of polymorph (2)
Scrolls
 e - a scroll of silence
 h - 17 scrolls of teleportation
 m - 7 scrolls of poison
 o - 6 scrolls of immolation
 G - 2 scrolls of blinking
 I - 4 scrolls of fear
 P - 3 scrolls of magic mapping
 Q - a scroll of summoning
Potions
 b - 11 potions of ambrosia
 c - 2 potions of berserk rage
 i - 9 potions of flight
 n - 2 potions of heal wounds
 q - 8 potions of cancellation
 s - 5 potions of resistance
 C - 3 potions of haste
 N - 6 potions of magic
 O - 8 potions of curing
 R - 6 potions of might
 U - 3 potions of invisibility
 Z - 7 potions of mutation
Miscellaneous
 f - a condenser vane (inert)
 l - a tin of tremorstones (inert)
 v - a phial of floods
 F - a box of beasts
 H - a lightning rod (1/4)
 V - a phantom mirror


   Skills:
 * Level 25.4 Fighting
 + Level 22.9(23.0) Axes
 + Level 2.7(13.2) Maces & Flails
 + Level 6.9 Throwing
 * Level 19.1 Armour
 + Level 7.6 Dodging
 + Level 7.0 Stealth
 + Level 21.7 Shields
 * Level 17.0 Evocations


You had 23 spell levels left.
You didn't know any spells.
Your spell library contained the following spells:

 Spells                   Type           Power      Damage    Failure   Level
 Foxfire                  Conj/Fire      0%         2x1d4     80%         1
 Magic Dart               Conj           0%         1d3       80%         1
 Shock                    Conj/Air       0%         1d3       80%         1
 Slow                     Hex            0%         N/A       80%         1
 Summon Small Mammal      Summ           0%         N/A       80%         1
 Ensorcelled Hibernation  Hex/Ice        0%         N/A       91%         2
 Searing Ray              Conj           0%         2d4       91%         2
 Static Discharge         Conj/Air       0%         3-3/arc   91%         2
 Sublimation of Blood     Necr           0%         N/A       91%         2
 Wereblood                Tmut           0%         N/A       91%         2
 Call Canine Familiar     Summ           0%         N/A       99%         3
 Confusing Touch          Hex            0%         N/A       99%         3
 Conjure Flame            Conj/Fire      0%         6-21      99%         3
 Gell's Gravitas          Tloc           0%         N/A       99%         3
 Inner Flame              Hex/Fire       0%         N/A       99%         3
 Lesser Beckoning         Tloc           0%         N/A       99%         3
 Ozocubu's Armour         Ice            0%         N/A       99%         3
 Portal Projectile        Hex/Tloc       0%         N/A       99%         3
 Spider Form              Tmut/Pois      0%         N/A       99%         3
 Stone Arrow              Conj/Erth      0%         3d7       99%         3
 Summon Guardian Golem    Hex/Summ       0%         N/A       99%         3
 Swiftness                Air            0%         N/A       99%         3
 Teleport Other           Tloc           0%         N/A       99%         3
 Vampiric Draining        Necr           0%         2d6       99%         3
 Airstrike                Air            0%         2d(0-16)  100%        4
 Anguish                  Hex/Necr       0%         N/A       100%        4
 Animate Armour           Summ/Erth      0%         N/A       100%        4
 Dispel Undead            Necr           0%         3d6       100%        4
 Flame Wave               Conj/Fire      0%         2d4       100%        4
 Fulminant Prism          Conj/Hex       0%         3d6       100%        4
 Leda's Liquefaction      Hex/Erth       0%         N/A       100%        4
 Olgreb's Toxic Radiance  Pois           0%         N/A       100%        4
 Petrify                  Tmut/Erth      0%         N/A       100%        4
 Sticky Flame             Conj/Fire      0%         2d3       100%        4
 Fireball                 Conj/Fire      0%         3d3       100%        5
 Irradiate                Conj/Tmut      0%         3d11      100%        5
 Iskenderun's Battlesphe  Conj           0%         2d6       100%        5
 Metabolic Englaciation   Hex/Ice        0%         N/A       100%        5
 Summon Forest            Summ/Tloc      0%         N/A       100%        5
 Summon Mana Viper        Hex/Summ       0%         N/A       100%        5
 Conjure Ball Lightning   Conj/Air       0%         3x3d6     100%        6
 Dispersal                Tloc           0%         N/A       100%        6
 Eringya's Noxious Bog    Tmut/Pois      0%         N/A       100%        6
 Dragon Form              Tmut           0%         N/A       100%        7
 Enfeeble                 Hex            0%         N/A       100%        7
 Orb of Destruction       Conj           0%         9d5       100%        7
 Summon Hydra             Summ           0%         N/A       100%        7
 Borgnjor's Revivificati  Necr           0%         N/A       100%        8
 Discord                  Hex            0%         N/A       100%        8
 Disjunction              Tloc           0%         N/A       100%        8
 Lehudib's Crystal Spear  Conj/Erth      0%         10d2      100%        8
 Necromutation            Tmut/Necr      0%         N/A       100%        8
 Chain Lightning          Conj/Air       0%         N/A       100%        9
 Death's Door             Necr           0%         N/A       100%        9
 Fire Storm               Conj/Fire      0%         5d1       100%        9
 Shatter                  Erth           0%         3d5*      100%        9
 Corpse Rot               Necr/Pois/Air  Unusable   N/A       N/A         4
 Simulacrum               Ice/Necr       Unusable   N/A       N/A         6

Dungeon Overview and Level Annotations

Branches:
Dungeon (15/15)            Temple (1/1) D:6            Lair (5/5) D:11
 Shoals (4/4) Lair:3       Spider (4/4) Lair:2        Slime (0/5) Lair:4
    Orc (2/2) D:10            Elf (0/3) Orc:2        Vaults (5/5) D:13
  Crypt (0/3) Vaults:3     Depths (4/4) D:15          Sewer (visited)
Volcano (visited)         Desolation (visited)      Gauntlet (visited)
    Zot: Depths:4

Altars:
Cheibriados
Dithmenos
Gozag
Hepliaklqana
Kikubaaqudgha
Nemelex Xobeh
Qazlal
Ru
Sif Muna
Trog
Uskayaw
Vehumet
Wu Jian
Xom
Yredelemnul
Zin
The Shining One
Beogh

Shops:
Orc:1 [   Orc:2 ((*[*[   Lair:5 [(?(   Vaults:5 !!*[!![!   Depths:3 *

Portals:
Hell: Depths:1 Depths:2 Depths:3
Abyss: Depths:1 Depths:3
Pandemonium: Depths:2
Trove: D:10 (give 11 potions of heal wounds)


Innate Abilities, Weirdness & Mutations

You are partially covered in large bone plates. (SH +4)
You have an increased reservoir of magic. (+10% MP)


Message History

* * * LOW HITPOINT WARNING * * *
The reaper freezes you.
* * * LOW HITPOINT WARNING * * *
Xiuxad hisses, "Despond, thou tasty lunch!"
Your lightning rod (1/4) has regained one charge.
You feel much better.
You feel yourself speed up.
Xiuxad is no longer distracted by gold.
Xiuxad sneers, "Give up, thou impertinent clay-brained prigger-of-prances!"
Xiuxad gestures.
The reaper hits you but does no damage. Xiuxad hits you.
* * * LOW HITPOINT WARNING * * *
You slice Xiuxad!!
Xiuxad is severely wounded.
Xiuxad is distracted by your dazzling golden aura.
You block the reaper's attack.
Xiuxad howls, "Thy spine shall be my victuals!"
You hit Xiuxad.
Xiuxad is no longer distracted by gold.
Xiuxad is almost dead.
You closely miss Xiuxad.
Xiuxad is almost dead.
You hit the green death. Xiuxad hits you but does no damage.
The reaper hits you from afar with a +2 scythe of freezing!!
* * * LOW HITPOINT WARNING * * *
The reaper freezes you.
* * * LOW HITPOINT WARNING * * *
You feel much better.
The demonspawn corrupter is no longer distracted by gold.
You block Xiuxad's attack.
The demonspawn corrupter calls forth creatures from the Elven Halls!
The green death completely misses you.
You slice Xiuxad!!
Xiuxad is almost dead.
You barely miss the green death.
The deep elf high priest shouts! x2
Xiuxad hits you!
* * * LOW HITPOINT WARNING * * *
The reaper hits you from afar with a +2 scythe of freezing!!
You die...
Your body crumbles into a pile of gold.

▓▓▓▓▓▓▓▓▓▓▓
▓▓.........▓▓
▓▓...........▓▓
▓▓)............▓▓
▓▓∩[.............▓▓
▓:>:...e26......∩.▓
▓▓∩:....$&$e.....▓▓
▓▓.....2@......▓▓
▓▓....$......▓▓
▓▓.........▓▓
▓▓▓▓▓▓▓▓▓▓▓


You could see Xiuxad, a demonspawn corrupter (unable to see you), a reaper
(summoned), a green death (summoned) and 2 deep elf high priests.

Vanquished Creatures
  2 dread liches (Vaults:5)
  An ancient lich (Vaults:5)
  Mara (Vaults:3)
  A juggernaut (Depths:3)
  Boris (Vaults:5)
  Xtahua (Depths:3)
  A profane servitor (Zig:2)
  A golden dragon (Vaults:5)
  4 caustic shrikes
  The ghost of Soesill the Warrior, an adept DgCj (Depths:3)
  A Tzitzimitl (Zig:6)
  Arachne (Spider:3)
  3 tentacled monstrosities
  The ghost of Lianjan the Warrior, an adept MiGl of Gozag (Shoals:1)
  2 searing wretches (Zig:3)
  A walking divine tome (Depths:3)
  5 titans (Vaults:5)
  4 liches
  An ancient champion (Vaults:3)
  4 storm dragons
  12 sphinxes
  Polyphemus (Shoals:4)
  3 shadow dragons
  6 fire giants
  5 tengu reavers
  A quicksilver elemental (Zig:5)
  7 frost giants
  19 vault wardens
  2 imperial myrmidons (Desolation)
  2 deep elf sorcerers (Vaults:5)
  8 emperor scorpions
  4 ghost moths (Spider:3)
  An orc warlord (Vaults:2)
  A ghoul (Vaults:3)
  Aizul (Shoals:2)
  4 spriggan defenders
  16 ironbound preservers
  30 very ugly things
  12 stone giants
  4 war gargoyles (Vaults:5)
  2 broodmothers
  4 vampire knights
  Nessos (D:13)
  8 ironbound thunderhulks
  A minotaur (Gauntlet)
  A lorocyproca (Depths:2)
  Azrael (D:15)
  7 entropy weavers
  A deep elf annihilator (Vaults:5)
  7 spark wasps
  A halazid warlock (Desolation)
  The ghost of Neel Ube the Peltast, a journeyman FoFi of Okawaru (D:12)
  The ghost of Neel Ube the Peltast, a journeyman FoFi of Okawaru (D:12)
  4 deep elf death magi (Vaults:5)
  An iron golem (Zig:5)
  A green death (Zig:6)
  A blizzard demon (Zig:6)
  5 dire elephants
  A crystal guardian (Desolation)
  14 merfolk impalers
  6 merfolk javelineers
  14 yaktaur captains
  4 fire dragons
  11 ettins
  5 ragged hierophants (Desolation)
  4 deep elf high priests (Vaults:5)
  3 great orbs of eyes
  9 hydras
  9 servants of whispers (Desolation)
  9 boulder beetles
  4 merfolk avatars
  6 rakshasas
  34 vault guards
  8 peacekeepers (Desolation)
  6 ice dragons
  7 ironbound frosthearts
  3 two-headed ogres
  5 spriggan air magi
  12 death yaks
  2 catoblepae
  32 centaur warriors
  3 radroaches
  3 merfolk aquamancers (Shoals:4)
  7 deep troll earth magi
  A death scarab (Spider:4)
  5 deep troll shamans
  A vampire mage (Vaults:3)
  2 orc high priests (Orc:1)
  4 tengu warriors
  A naga sharpshooter (Zig:1)
  Urug (D:12)
  2 spriggan berserkers (Depths:4)
  3 storm dragon zombies
  5 sun demons (Depths:4)
  Nergalle (Lair:1)
  A hell knight (Zig:3)
  Sonja (Orc:1)
  A fire crab (Shoals:2)
  6 pharaoh ants
  7 skeletal warriors
  8 iron trolls
  A salamander mystic (Depths:1)
  A sea snake (shapeshifter) (Vaults:5)
  Lodul (D:13)
  2 shadow wraiths
  45 deep trolls
  2 glowing orange brains
  A glowing orange brain (shapeshifter) (D:15)
  16 orb spiders
  13 sea snakes
  4 steelbarb worms
  A deep elf archer (Vaults:5)
  A tengu zombie (Vaults:4)
  An obsidian statue (Gauntlet)
  8 phantasmal warriors
  12 wizards
  31 harpies
  27 ironbound convokers
  4 deep elf pyromancers
  4 necromancers
  A shadow dragon zombie (Vaults:4)
  18 wolf spiders
  9 lindwurms
  49 ugly things
  The ghost of samcosmo the Thaumaturge, a novice DEEE of Vehumet (D:7)
  A deep elf zephyrmancer (Vaults:5)
  14 manticores
  7 orc sorcerers
  3 orc knights
  8 fauns (Shoals:2)
  A mana viper (Zig:1)
  3 salamanders (Depths:1)
  15 elephants
  7 cyclopes
  3 moths of wrath
  2 water nymphs (Shoals:4)
  2 frost giant skeletons
  4 torpor snails
  5 merfolk sirens
  2 guardian serpents
  A rust devil (Depths:2)
  A water nymph (shapeshifter) (Vaults:5)
  3 molten gargoyles
  5 black mambas
  12 cane toads
  A smoke demon (Volcano)
  A hellion (Depths:4)
  2 gargoyles
  21 vault sentinels
  Maggie (D:7)
  A spark wasp simulacrum (Depths:2)
  2 unseen horrors (D:11)
  20 komodo dragons
  A yaktaur (shapeshifter) (Vaults:5)
  An unseen horror (shapeshifter) (Vaults:5)
  3 rime drakes (Lair:3)
  3 tengu conjurers
  53 yaktaurs
  7 demonic crawlers
  A freezing wraith (Vaults:5)
  A human skeleton (Vaults:4)
  2 red devils
  5 meliai
  4 trolls
  25 merfolk
  6 polar bears
  54 saltlings
  A wolf spider simulacrum (D:15)
  29 tarantellas
  7 hornets
  A raiju (Gauntlet)
  17 blink frogs
  Prince Ribbit (D:8)
  46 slime creatures
  Grinder (D:6)
  7 wind drakes
  7 snapping turtles
  7 dream sheep
  30 jumping spiders
  4 spriggans
  12 culicivoras
  A culicivora (shapeshifter) (Vaults:5)
  6 water elementals
  2 wyverns
  2 ynoxinuls
  16 humans (D:12)
  2 wraiths
  25 yaks
  A basilisk (shapeshifter) (Vaults:5)
  2 basilisks
  4 chaos spawn
  3 fire bats
  3 fire elementals (D:15)
  A neqoxec (Gauntlet)
  4 steam dragons
  A redback (shapeshifter) (Vaults:5)
  Grum (D:8)
  54 redbacks
  13 vampire mosquitoes
  Edmund (D:5)
  3 wargs
  An acid dragon (D:12)
  8 hell hounds
  Duvessa (D:7)
  A floating eye (shapeshifter) (Vaults:5)
  30 orc warriors
  15 water moccasins
  3 sky beasts
  An ice beast (D:5)
  15 ogres
  4 black bears
  7 centaurs
  16 wolves
  4 boggarts (Vaults:2)
  2 phantoms
  A kobold brigand (D:9)
  3 necrophages
  12 bullfrogs
  6 scorpions
  3 gnoll sergeants
  Dowan (D:7)
  15 wights
  15 killer bees
  4 electric eels
  A howler monkey (D:12)
  A lava snake (Volcano)
  A human simulacrum (Vaults:4)
  11 hounds
  A jelly (D:5)
  26 orc priests
  Crazy Yiuf (D:7)
  3 gnoll boudas
  4 iguanas
  47 orc wizards
  10 adders
  21 gnolls
  6 river rats (Sewer)
  A white imp (D:7)
  An ufetubus (D:5)
  5 worms
  4 dart slugs
  86 orcs
  9 bats
  5 endoplasms
  6 giant cockroaches
  10 goblins
  4 hobgoblins
  7 jackals
  15 kobolds
  4 quokkas
  14 ball pythons
  4 frilled lizards
  16 rats
1869 creatures vanquished.

Vanquished Creatures (others)
  An ancient lich (Vaults:5)
  A merfolk avatar (Shoals:3)
  A sun moth (Spider:1)
  A sixfirhy (Zig:6)
  A wolf spider (Spider:3)
  A merfolk (Shoals:3)
  A culicivora (Spider:3)
  An orc (Orc:2)
  78 fungi
  160 plants
  6 withered plants (D:12)
252 creatures vanquished.

Grand Total: 2121 creatures vanquished

Notes
Turn   | Place    | Note
-------+----------+-------------------------------------------
     0 | D:1      | Dorkslayer the Hill Orc Fighter began the quest for the
                  | Orb.
     0 | D:1      | Reached XP level 1. HP: 19/19 MP: 1/1
   209 | D:1      | Reached XP level 2. HP: 27/27 MP: 2/2
   328 | D:1      | Found a faded altar of an unknown god.
   463 | D:1      | Reached skill level 4 in Fighting
   540 | D:1      | Reached XP level 3. HP: 26/33 MP: 3/3
  1040 | D:2      | Noticed a necrophage
  1050 | D:2      | Killed a necrophage
  1051 | D:2      | Reached skill level 1 in Dodging
  1051 | D:2      | Reached XP level 4. HP: 39/40 MP: 4/4
  1273 | D:2      | Reached XP level 5. HP: 43/47 MP: 5/5
  1715 | D:3      | Reached skill level 5 in Axes
  1864 | D:3      | Found a glowing drain.
  1873 | Sewer    | Entered a sewer
  2031 | Sewer    | Reached XP level 6. HP: 23/53 MP: 6/6
  3703 | D:4      | Reached XP level 7. HP: 60/60 MP: 7/7
  3931 | D:4      | Found a sparkling altar of Nemelex Xobeh.
  3971 | D:4      | Reached skill level 5 in Fighting
  4156 | D:4      | Reached skill level 5 in Armour
  4157 | D:4      | Reached XP level 8. HP: 46/68 MP: 8/8
  4431 | D:5      | Entered Level 5 of the Dungeon
  4530 | D:5      | Noticed Edmund
  4540 | D:5      | Killed Edmund
  4727 | D:5      | Found a glowing silver altar of Zin.
  4750 | D:5      | Reached skill level 1 in Evocations
  4758 | D:5      | Found a sacrificial altar of Ru.
  4886 | D:5      | Reached skill level 1 in Stealth
  4977 | D:5      | Found a glowing golden altar of the Shining One.
  5645 | D:6      | Reached XP level 9. HP: 75/75 MP: 9/9
  5873 | D:6      | Reached skill level 10 in Axes
  5901 | D:6      | Noticed Grinder
  5916 | D:6      | Paralysed by Grinder for 3 turns
  5921 | D:6      | Killed Grinder
  6119 | D:6      | Found a staircase to the Ecumenical Temple.
  6127 | Temple   | Entered the Ecumenical Temple
  6148 | Temple   | Became a worshipper of Gozag Ym Sagoz the Greedy
  6468 | D:7      | Found a runed translucent door.
  6469 | D:7      | Noticed Crazy Yiuf
  6482 | D:7      | Killed Crazy Yiuf
  6820 | D:7      | Found a transporter.
  6827 | D:7      | Found a transporter.
  6827 | D:7      | Noticed a moth of wrath
  6828 | D:7      | Noticed samcosmo's ghost (novice DEEE)
  6854 | D:7      | Noticed an eight-headed hydra
  6963 | D:7      | Killed a 19-headed hydra
  6964 | D:7      | Reached skill level 6 in Fighting
  7112 | D:7      | Noticed Maggie
  7122 | D:7      | Killed Maggie
  7123 | D:7      | Reached XP level 10. HP: 52/83 MP: 10/10
  7312 | D:7      | Found a bloodstained altar of Trog.
  7320 | D:7      | Noticed a two-headed ogre
  7677 | D:7      | Reached skill level 5 in Dodging
  7694 | D:7      | Noticed Duvessa
  7694 | D:7      | Noticed Dowan
  7700 | D:7      | Killed Duvessa
  7709 | D:7      | Killed Dowan
  7808 | D:7      | Killed a two-headed ogre
  7816 | D:7      | Killed a moth of wrath
  7830 | D:7      | Killed samcosmo's ghost
  7831 | D:7      | Reached skill level 5 in Shields
  8002 | D:8      | Found a stormy altar of Qazlal.
  8051 | D:8      | Reached skill level 5 in Evocations
  8150 | D:8      | Noticed Prince Ribbit
  8176 | D:8      | Killed Prince Ribbit
  8186 | D:8      | Reached skill level 7 in Fighting
  8249 | D:8      | Reached XP level 11. HP: 56/92 MP: 11/11
  8472 | D:8      | Noticed Grum
  8478 | D:8      | Killed Grum
  8973 | D:9      | Found a hazy altar of Hepliaklqana.
  9041 | D:9      | Found an ornate altar of the Wu Jian Council.
  9355 | D:9      | Noticed a tengu warrior
  9377 | D:9      | Killed a tengu warrior
  9425 | D:9      | Reached skill level 1 in Throwing
  9841 | D:10     | Entered Level 10 of the Dungeon
 10167 | D:10     | Found a basalt altar of Yredelemnul.
 10167 | D:10     | Found a radiant altar of Vehumet.
 10171 | D:10     | Found a shimmering blue altar of Sif Muna.
 10535 | D:10     | Found a portal to a secret trove of treasure.
 10588 | D:10     | Found a shadowy altar of Dithmenos.
 10617 | D:10     | Reached skill level 8 in Fighting
 10656 | D:10     | Reached skill level 5 in Stealth
 10674 | D:10     | Identified the +3 scale mail of the Moon {Str+7}
 10993 | D:10     | Found a staircase to the Orcish Mines.
 11002 | Orc:1    | Entered Level 1 of the Orcish Mines
 11004 | Orc:1    | Noticed Sonja
 11021 | Orc:1    | Killed Sonja
 11045 | Orc:1    | Reached XP level 12. HP: 75/102 MP: 12/12
 11183 | Orc:1    | Found a roughly hewn altar of Beogh.
 11465 | Orc:1    | Found Wycel's Armour Boutique.
 11820 | Orc:2    | Entered Level 2 of the Orcish Mines
 11820 | Orc:2    | Noticed an ettin
 11820 | Orc:2    | Found a roughly hewn altar of Beogh.
 11825 | Orc:2    | Paralysed by an orc sorcerer for 3 turns
 11837 | Orc:1    | Killed an ettin
 12628 | Orc:2    | Noticed an orc high priest
 12630 | Orc:2    | Noticed a soul eater
 12647 | Orc:2    | Paralysed by an orc sorcerer for 5 turns
 12648 | Orc:2    | Noticed an orc high priest
 12671 | Orc:1    | Killed an orc high priest
 13640 | Orc:1    | Killed an orc high priest
 13985 | Orc:2    | Reached skill level 9 in Fighting
 14167 | Orc:2    | Found a staircase to the Elven Halls.
 15132 | Orc:2    | Found Kistun's Armour Boutique.
 15132 | Orc:2    | Found Deghaz Awuah's Antique Weapon Boutique.
 15135 | Orc:2    | Found Koilerch's Armour Shop.
 15135 | Orc:2    | Found Cavo's General Store.
 15168 | Orc:2    | Bought a scroll of identify for 24 gold pieces
 15168 | Orc:2    | Bought a scroll of teleportation for 36 gold pieces
 15168 | Orc:2    | Bought a potion of attraction for 36 gold pieces
 15168 | Orc:2    | Bought a scroll of poison for 48 gold pieces
 15175 | Orc:2    | Bought the +2 hood of the Assassin {Detection Stab+
                  | Stlth++} for 840 gold pieces
 15175 | Orc:2    | Found the +2 hood of the Assassin {Detection Stab+ Stlth++}
 15467 | D:11     | Found a staircase to the Lair.
 15489 | D:11     | Reached XP level 13. HP: 98/111 MP: 13/13
 15630 | D:11     | Found a gate leading to a gauntlet.
 15639 | Gauntlet | Entered a Gauntlet
 15639 | Gauntlet | Found a transporter.
 15639 | Gauntlet | Found a transporter.
 15642 | Gauntlet | Found a transporter.
 15656 | Gauntlet | Found a transporter.
 15666 | Gauntlet | Found a transporter.
 15669 | Gauntlet | Found a transporter.
 15680 | Gauntlet | Found a transporter.
 15693 | Gauntlet | Found a transporter.
 15693 | Gauntlet | Noticed an entropy weaver
 15708 | Gauntlet | Found a transporter.
 15711 | Gauntlet | Found a transporter.
 15723 | Gauntlet | Found a transporter.
 15727 | Gauntlet | Found a transporter.
 15780 | Gauntlet | Identified the ring of Vagrecun {Wiz rPois rCorr}
 16159 | Gauntlet | Reached skill level 15 in Axes
 16159 | Gauntlet | Reached skill level 5 in Throwing
 16159 | Gauntlet | Reached skill level 10 in Armour
 16161 | Gauntlet | Identified the +2 cloak of the Painted God {rC+}
 16185 | Gauntlet | Noticed a minotaur
 16209 | Gauntlet | Killed a minotaur
 16458 | D:11     | Reached skill level 10 in Fighting
 16967 | D:11     | Found a sparkling altar of Nemelex Xobeh.
 17461 | D:12     | Found a runed translucent gate.
 17466 | D:12     | Found a runed translucent gate.
 18287 | D:12     | Found a runed translucent gate.
 18289 | D:12     | Noticed Neel Ube's ghost (journeyman FoFi)
 18289 | D:12     | Noticed Neel Ube's ghost (journeyman FoFi)
 18836 | D:12     | Killed Neel Ube's ghost
 18846 | D:12     | Killed Neel Ube's ghost
 18859 | D:12     | Identified the ring "Puwemeon" {Will+ MP+9 EV+4}
 18917 | D:13     | Noticed Urug
 18917 | D:13     | Noticed Nessos
 18917 | D:13     | Found a gate to the Vaults.
 19020 | D:12     | Killed Urug
 19179 | D:12     | Reached skill level 11 in Fighting
 19424 | D:12     | Reached XP level 14. HP: 116/124 MP: 14/14
 19478 | D:13     | Killed Nessos
 19839 | D:13     | Noticed Lodul
 19854 | D:13     | Killed Lodul
 21146 | D:14     | Reached skill level 12 in Fighting
 21626 | D:14     | You fall into a shaft and drop 1 floor!
 21626 | D:15     | Entered Level 15 of the Dungeon
 21663 | D:15     | Reached skill level 1 in Maces & Flails
 21666 | D:15     | Found a staircase to the Depths.
 22877 | D:15     | Noticed Azrael
 22883 | D:15     | Reached skill level 13 in Fighting
 22890 | D:15     | Killed Azrael
 23816 | Lair:1   | Entered Level 1 of the Lair of Beasts
 23872 | Lair:1   | Reached XP level 15. HP: 133/136 MP: 15/15
 24378 | Lair:1   | Noticed Nergalle
 24395 | Lair:1   | Killed Nergalle
 25317 | Lair:2   | Found a hole to the Spider Nest.
 25990 | Lair:3   | Reached skill level 10 in Evocations
 26055 | Lair:3   | Reached skill level 10 in Shields
 26728 | Lair:3   | Reached skill level 14 in Fighting
 27031 | Lair:3   | Found a staircase to the Shoals.
 27536 | Lair:4   | Found a staircase to the Slime Pits.
 27993 | Lair:4   | Found a shadowy altar of Dithmenos.
 28176 | Lair:5   | Entered Level 5 of the Lair of Beasts
 28239 | Lair:5   | Found a dark tunnel.
 28245 | Volcano  | Entered a volcano
 28319 | Volcano  | Found a radiant altar of Vehumet.
 29133 | Lair:5   | Reached XP level 16. HP: 116/147 MP: 16/16
 29200 | Lair:5   | Reached skill level 15 in Fighting
 30202 | Lair:5   | Bought a scroll of enchant weapon for 112 gold pieces
 30210 | Lair:5   | Bought a glowing war axe for 149 gold pieces
 30210 | Lair:5   | Bought a glowing war axe for 149 gold pieces
 30266 | Shoals:1 | Entered Level 1 of the Shoals
 30917 | Shoals:1 | Found a runed translucent gate.
 30917 | Shoals:1 | Found a runed translucent gate.
 30917 | Shoals:1 | Found a runed translucent gate.
 30919 | Shoals:1 | Noticed Lianjan's ghost (adept MiGl)
 31160 | Shoals:1 | Killed Lianjan's ghost
 31809 | Shoals:2 | Found a flickering gateway to a bazaar.
 31839 | Bazaar   | Entered a bazaar
 31839 | Bazaar   | Found Illinnaca's Assorted Antiques.
 31839 | Bazaar   | Found Baexet's Distillery.
 31839 | Bazaar   | Found Geodun's Jewellery Shop.
 31839 | Bazaar   | Found Rateiroz's Distillery.
 31842 | Bazaar   | Bought a potion of curing for 93 gold pieces
 31850 | Bazaar   | Bought a potion of heal wounds for 45 gold pieces
 31850 | Bazaar   | Bought a potion of curing for 27 gold pieces
 31850 | Bazaar   | Bought a potion of curing for 27 gold pieces
 31852 | Bazaar   | Bought a potion of resistance for 70 gold pieces
 31852 | Bazaar   | Bought a potion of ambrosia for 56 gold pieces
 31852 | Bazaar   | Bought a potion of ambrosia for 56 gold pieces
 31852 | Bazaar   | Bought a potion of curing for 21 gold pieces
 31852 | Bazaar   | Bought a potion of curing for 21 gold pieces
 31852 | Bazaar   | Bought 2 potions of haste for 140 gold pieces
 31854 | Bazaar   | Bought 2 potions of invisibility for 144 gold pieces
 31854 | Bazaar   | Bought a potion of mutation for 72 gold pieces
 31854 | Bazaar   | Bought a potion of mutation for 72 gold pieces
 32293 | Shoals:2 | Reached skill level 16 in Fighting
 32763 | Shoals:2 | Noticed Aizul
 32781 | Shoals:2 | Killed Aizul
 33619 | Shoals:3 | Reached XP level 17. HP: 48/158 MP: 17/17
 34865 | Shoals:4 | Entered Level 4 of the Shoals
 35269 | Shoals:4 | Identified a scroll of acquirement
 35270 | Shoals:4 | Acquired the +2 hat of the Four Souls {rPois Regen+ Int+2}
 35616 | Shoals:3 | Reached skill level 15 in Shields
 35804 | Shoals:4 | Noticed Polyphemus
 35828 | Shoals:4 | Killed Polyphemus
 36619 | Shoals:4 | Got a barnacled rune of Zot
 37223 | Shoals:4 | Reached skill level 17 in Fighting
 37650 | Spider:1 | Entered Level 1 of the Spider Nest
 38314 | Spider:1 | Identified the +0 pair of gloves of Niacukk {rN+ Int+3
                  | Dex+3}
 38863 | Spider:2 | Reached XP level 18. HP: 159/169 MP: 18/18
 40560 | Spider:3 | Noticed Arachne
 40598 | Spider:3 | Killed Arachne
 41771 | Spider:4 | Entered Level 4 of the Spider Nest
 42494 | Spider:3 | Reached skill level 18 in Fighting
 43435 | Spider:3 | HP: 3/172 [something (11)]
 44070 | Spider:4 | Reached XP level 19. HP: 179/179 MP: 19/19
 44859 | Spider:4 | Got a gossamer rune of Zot
 45081 | Vaults:1 | Entered Level 1 of the Vaults
 46257 | Vaults:1 | Reached skill level 15 in Armour
 46985 | Vaults:1 | Identified the ring "Hiz God" {rElec Dex+6 SInv}
 47052 | Vaults:1 | Reached skill level 19 in Fighting
 48462 | Vaults:2 | Reached XP level 20. HP: 193/193 MP: 20/20
 48768 | Vaults:2 | Reached skill level 20 in Fighting
 49495 | Vaults:3 | Found a crumbling gateway.
 49510 | Desolati | Entered the Desolation of Salt
 49677 | Desolati | Identified the ring "Sonor" {Fly rF+}
 49709 | Desolati | Got the Lectures on the Shifting Stinger
 49710 | Desolati | Identified the +1 ring mail of the Contumacious God {rElec
                  | rF++}
 49713 | Desolati | Identified the +3 ring mail of Nurphefa {*Corrode Fly rPois
                  | Int+6}
 49715 | Desolati | Got the Exposition on Unclean Wanderlust
 49782 | Desolati | Got Sif Muna's Compendium of the Gathering and Black
                  | Rituals
 50287 | Desolati | Identified the +1 robe of the Stallion {rElec rPois Regen+
                  | MP-9}
 50302 | Desolati | Identified the ring "Ahagrare" {rPois Str+3}
 50305 | Desolati | Identified the +1 buckler of the Barracuda {Str+4}
 50440 | Desolati | Got Loizxuf's Omnibus of Forceful Production
 50442 | Desolati | Identified the +5 whip "Sepluol" {freeze, rC+}
 50837 | Vaults:3 | Reached XP level 21. HP: 58/203 MP: 21/21
 51163 | Vaults:3 | Noticed Mara
 51166 | Vaults:3 | Noticed Dorkslayer's illusion
 51194 | Vaults:3 | Killed Mara
 51195 | Vaults:3 | Reached skill level 21 in Fighting
 51364 | Vaults:3 | Found a staircase to the Crypt.
 52016 | Vaults:3 | Gained mutation: You have an increased reservoir of magic.
                  | (+10% MP) [potion of mutation]
 52016 | Vaults:3 | Gained mutation: You are partially covered in large bone
                  | plates. (SH +4) [potion of mutation]
 53568 | Vaults:4 | Reached skill level 15 in Evocations
 53819 | Vaults:4 | Reached skill level 22 in Fighting
 54124 | Vaults:5 | Entered Level 5 of the Vaults
 54140 | Vaults:5 | Reached XP level 22. HP: 113/215 MP: 24/24
 54215 | Vaults:5 | Noticed an ancient lich
 54229 | Vaults:5 | Killed an ancient lich
 54690 | Vaults:5 | Bought a potion of might for 84 gold pieces
 54690 | Vaults:5 | Bought a potion of curing for 63 gold pieces
 54690 | Vaults:5 | Bought a potion of curing for 63 gold pieces
 54694 | Vaults:5 | Bought a potion of curing for 51 gold pieces
 54694 | Vaults:5 | Bought a potion of heal wounds for 85 gold pieces
 54702 | Vaults:5 | Bought 2 potions of invisibility for 336 gold pieces
 54702 | Vaults:5 | Bought a potion of might for 84 gold pieces
 54702 | Vaults:5 | Bought a potion of curing for 63 gold pieces
 54702 | Vaults:5 | Bought a potion of curing for 63 gold pieces
 54702 | Vaults:5 | Bought 2 potions of heal wounds for 210 gold pieces
 54702 | Vaults:5 | Bought a potion of haste for 210 gold pieces
 54702 | Vaults:5 | Bought a potion of resistance for 210 gold pieces
 54750 | Vaults:5 | Noticed a dread lich
 54778 | Vaults:5 | Killed a dread lich
 54970 | Vaults:5 | Found Qeom's Antique Armour Shoppe.
 55144 | Vaults:5 | Noticed an ancient lich
 55170 | Vaults:5 | Killed an ancient lich
 55319 | Vaults:5 | Reached skill level 23 in Fighting
 55360 | Vaults:5 | Identified the +10 long sword of Ybbut {speed, rPois}
 55818 | Vaults:5 | Found Paomakhleko's Distillery.
 55823 | Vaults:5 | Bought a potion of curing for 36 gold pieces
 55823 | Vaults:5 | Bought 2 potions of invisibility for 192 gold pieces
 55823 | Vaults:5 | Bought a potion of curing for 36 gold pieces
 55823 | Vaults:5 | Bought a potion of ambrosia for 96 gold pieces
 55823 | Vaults:5 | Bought a potion of might for 48 gold pieces
 55838 | Vaults:5 | Found Bosopheb's Distillery.
 55842 | Vaults:5 | Bought a potion of berserk rage for 65 gold pieces
 55842 | Vaults:5 | Bought a potion of curing for 39 gold pieces
 55843 | Vaults:5 | Found Sawe's General Store.
 55847 | Vaults:5 | Bought a potion of heal wounds for 65 gold pieces
 55847 | Vaults:5 | Bought a potion of heal wounds for 65 gold pieces
 56175 | Vaults:5 | Noticed Boris
 56195 | Vaults:5 | Killed Boris
 56630 | Vaults:5 | Reached XP level 23. HP: 202/227 MP: 25/25
 56651 | Vaults:5 | Noticed a golden dragon
 56670 | Vaults:5 | Killed a golden dragon
 56814 | Vaults:5 | Identified the +3 ring mail of Honour {Int-4 Dex+7}
 56853 | Vaults:5 | Noticed a dread lich
 56861 | Vaults:5 | Killed a dread lich
 57006 | Vaults:5 | Got a silver rune of Zot
 57009 | Vaults:5 | Got the Papyrus of Foul Ensorcelling
 57033 | Vaults:5 | Identified the +10 falchion "Hoinah" {elec, rN+}
 57476 | Depths:1 | Entered Level 1 of the Depths
 57729 | Depths:1 | Found a one-way gate to the infinite horrors of the Abyss.
 58033 | Depths:1 | Reached skill level 24 in Fighting
 58310 | Depths:1 | Found a shimmering altar of Xom.
 58551 | Depths:1 | Found a gateway to Hell.
 59225 | Depths:2 | Found a glowing golden altar of the Shining One.
 59393 | Depths:2 | Identified the +3 ring mail of the Other Side {Int+5}
 59591 | Depths:2 | Noticed a caustic shrike
 59604 | Depths:2 | Killed a caustic shrike
 59946 | Depths:2 | Found a one-way gate leading to the halls of Pandemonium.
 60119 | Depths:3 | You fall into a shaft and drop 1 floor!
 60119 | Depths:4 | Entered Level 4 of the Depths
 60165 | Depths:4 | Reached XP level 24. HP: 149/240 MP: 25/25
 60474 | Depths:3 | Identified the +1 pair of gloves of Meihuc {-Cast +Inv rF+}
 60571 | Depths:3 | Reached skill level 25 in Fighting
 60668 | Depths:3 | Found a runed translucent door.
 60710 | Depths:3 | Noticed Soesill's ghost (adept DgCj)
 60728 | Depths:3 | Killed Soesill's ghost
 60785 | Depths:3 | Noticed a juggernaut
 60787 | Depths:3 | Found a one-way gateway to a ziggurat.
 60808 | Depths:3 | Killed a juggernaut
 60953 | Depths:3 | Found a runed translucent door.
 60955 | Depths:3 | Noticed a caustic shrike
 60976 | Depths:3 | Killed a caustic shrike
 61041 | Depths:3 | Identified the +0 scale mail of the Playwright {rPois rN+
                  | SInv}
 61048 | Depths:3 | Identified the +9 scimitar of the Eternal Warrior {pain,
                  | *Noise rN++ Str+2}
 61360 | Depths:3 | Noticed Xtahua
 61371 | Depths:3 | Killed Xtahua
 61606 | Depths:3 | Bought a wand of roots (4) for 288 gold pieces
 61606 | Depths:3 | Bought a potion of haste for 300 gold pieces
 61613 | Zig:1    | Entered Level 1 of a ziggurat
 61648 | Zig:2    | Entered Level 2 of a ziggurat
 61689 | Zig:2    | Got the Incunabulum of the Spellbinding Flock
 61700 | Zig:3    | Entered Level 3 of a ziggurat
 61880 | Zig:3    | Identified the amulet of Wykakk {Acrobat -Tele rPois Will+
                  | Slay+2}
 61889 | Zig:4    | Entered Level 4 of a ziggurat
 61972 | Zig:5    | Entered Level 5 of a ziggurat
 61977 | Zig:5    | Noticed a caustic shrike
 61977 | Zig:5    | Noticed a caustic shrike
 61983 | Zig:5    | Killed a caustic shrike
 61989 | Zig:5    | Killed a caustic shrike
 62075 | Zig:5    | Identified the ring of Juasutzuole {rPois Dex+6}
 62094 | Zig:6    | Entered Level 6 of a ziggurat
 62101 | Zig:6    | Noticed Xiuxad the pandemonium lord
 62138 | Zig:6    | Slain by a reaper

Illustrated notes

Levels and vault maps discovered:
D:1:      beargit_arrival_diablo_church, layout_basic,
          ebering_ecumenical_altar_rust, feat_on_display
D:2:      layout_rooms, kennysheep_flooded_box
D:3:      minmay_chambers_of_threes, layout_basic, cheibrodos_sewer_entry_drain
D:4:      layout_rooms, general_overflow_altar,
          minmay_a_box_with_orc_wizards_in_it
D:5:      layout_layer_cave, mainiacjoe_overflow_small_starburst, zin_academy,
          mainiacjoe_overflow_alcove_4, wad_floor_pattern_untrapped, uniq_edmund
D:6:      layout_cave_pools, minmay_temple_entry_tees, uniq_grinder
D:7:      layout_loops_ring, gammafunk_ghost_wrathful_warriors, uniq_maggie,
          uniq_duvessa, uniq_crazy_yiuf_cottage
D:8:      layout_cave_pools, amcnicky_altar_gilded, serial_gnoll_camp,
          grums_kennel, gnoll_camp_mini_basic, gnoll_camp_mini_hut,
          gnoll_camp_mini_doghouse, uniq_prince_ribbit1
D:9:      layout_loops_cross, chequers_temple_overflow_statue_of_worship
D:10:     layout_roguey, grunt_dithmenos_smoke, gammafunk_temple_overflow_claw,
          orc_0_dummy, enter_trove_3, minivault_14
D:11:     layout_long_grid, due_lair_maze_entry_diamond, gauntlet_entry_generic,
          nemelex_diamond_rough_becter
D:12:     layout_long_grid, gammafunk_ghost_cemetery
D:13:     layout_grid_maze, david_vaults_3, hangedman_stone_soup, uniq_lodul
D:14:     layout_gridville
D:15:     grunt_enter_depths_hoard, layout_cave_pools, uniq_azrael
Temple:   jpeg_temple_clearing
Lair:1:   layout_long_grid, uniq_nergalle
Lair:2:   layout_cave_shapes, hellmonk_spider_entry_not_the_bees,
          chequers_serial_rivers_micro_a, patterned_corridor,
          infiniplex_staircase_pool_2, lemuel_fruit_fields
Lair:3:   layout_hall_layers, shoals_dummy_entry, beast_lair_carwin_10
Lair:4:   layout_misc_corridors, minmay_slime_entry_pillars, basic_altar,
          st_stairs_7, nicolae_quartered_pool_super, serial_bayou_pond_b,
          beast_lair_carwin_1, grunt_megastairs_3
Lair:5:   grunt_lair_end_beastmaster, layout_gridlike, enter_volcano_3,
          serial_rivers, chequers_serial_rivers_large_b,
          chequers_serial_rivers_micro_b, chequers_serial_rivers_micro_a,
          chequers_serial_rivers_marsh, chequers_serial_rivers_micro_b,
          infiniplex_staircase_pool
Shoals:1: layout_shoals, ebering_ghost_rock_garden
Shoals:2: layout_shoals, serial_shops, bzr_entry_lakeside,
          hangedman_shoal_volcano, uniq_aizul
Shoals:3: layout_shoals
Shoals:4: shoals_end_grunt_ice, layout_shoals, nicolae_shoals_mertower,
          uniq_polyphemus
Spider:1: layout_cave_pods, hangedman_spider_tarantella_strand
Spider:2: layout_spider_delve, nicolae_spider_nooks_and_crannies
Spider:3: cheibrodos_spider_silkery, uniq_arachne
Spider:4: grunt_spider_rune_circles, nicolae_spider_checkerboard
Orc:1:    layout_caves, serial_shops, nicolae_lakefront_shop, basic_altar,
          uniq_sonja
Orc:2:    st_orc_mages, layout_caves, basic_altar, nicolae_orc_pool_cavern
Vaults:1: nicolae_vaults_little_ls, v_misc_18, vaults_dpeg_hooks,
          hangedman_vaults_capsules, hangedman_vaults_nails,
          nicolae_vaults_little_squares_5, v_alt_pattern_3,
          vaults_mumra_chevron, nicolae_vaults_network_quinsquares
          [nicolae_vaults_network_quincunx_subvault,
          nicolae_vaults_network_quincunx_subvault,
          nicolae_vaults_network_quincunx_subvault,
          nicolae_vaults_network_quincunx_subvault],
          nicolae_vaults_network_periphery, ontoclasm_vaults_hangar, v_misc_14,
          dpeg_vaults_monster_box, layout_vaults_omnibox
Vaults:2: vaults_room_pools, hangedman_vaults_pinch, ontoclasm_vaults_pinch,
          v_misc_11, vaults_standard_mumra_lines, hangedman_vaults_locks,
          nicolae_vaults_little_squares_3, dpeg_vaults_monster_row,
          nicolae_vaults_little_squares_2, vaults_room_guarded_vault,
          hangedman_vaults_snaps, ontoclasm_vaults_twist,
          layout_vaults_omnicross
Vaults:3: portal_desolation_entry_salt, nicolae_vaults_ninety_degrees,
          hangedman_vaults_impose, nicolae_vaults_gold_heap,
          hangedman_vaults_trim, vaults_dpeg_diagonal,
          grunt_vaults_hallway_long, grunt_vaults_hallway_long,
          layout_vaults_omnigrid, minmay_crypt_entry_simple_round, uniq_margery,
          uniq_mara
Vaults:4: nicolae_vaults_triangles, vaults_room_boxed, nicolae_vaults_alarming,
          grunt_vaults_hallway_short, nicolae_vaults_what_the_h,
          hangedman_vaults_slither, ontoclasm_vaults_decontamination,
          hangedman_vaults_trim, v_misc_23, nicolae_vaults_back_hallway,
          v_misc_13, layout_vaults_maze_snakey
Vaults:5: uniq_boris
Depths:1: layout_gridlike, hangedman_abyss_or_decor_clamps,
          hangedman_tar_grid_catacomb, abyss_entry, tgw_xom
Depths:2: wad_statue_garden, layout_basic, rand_demon_pan_entry_4, hell_entry,
          nicolae_two_hexagons, tso_metal_star, minmay_staircase_windowed_large,
          uniq_grunn
Depths:3: minmay_gate_of_8, layout_basic, enter_ziggurat_a,
          ebering_ghost_reflecting_pool, abyss_entry_crystal,
          grunt_hell_entry_dis_old, minmay_staircase_bubble, uniq_xtahua
Depths:4: grunt_zot_entry_tricorne, layout_cave_shapes,
          nicolae_hell_entry_hellmouth_sunbeams, rand_demon_pan_entry_7,
          serial_shops, nicolae_shop_overgrown_old_shop,
          serial_sigils_hangedman_snap, hellmonk_ghost_happy_afterlife,
          drop_trap, amcnicky_mini_pool_small
Zig:6

Skill      XL: |  1  2  3  4  5  6  7  8  9 10 11 12 13 14 15 16 17 18 19 20 21 22 23 24 |
---------------+-------------------------------------------------------------------------+-----
Axes           | 3 4 5 6 8 9 10 12 13 14 15 16 17 18 19 20 21 22 | 22.9
Fighting       | 4 5 6 7 8 9 11 13 14 16 17 18 19 20 22 23 24 25 | 25.4
Armour         | 4 5 6 7 8 9 11 12 13 14 15 16 17 18 19 | 19.1
Dodging        | 1 2 3 4 5 6 7 |  7.6
Shields        | 4 5 6 9 11 13 16 17 18 19 20 21 | 21.7
Evocations     | 2 3 5 6 7 8 9 10 11 12 13 14 15 16 17 | 17.0
Stealth        | 1 3 4 5 6 7 |  7.0
Throwing       | 2 4 6 |  6.9
Maces & Flails | 1 2 |  2.7

Action                   |  1- 3 |  4- 6 |  7- 9 | 10-12 | 13-15 | 16-18 | 19-21 | 22-24 || total
-------------------------+-------+-------+-------+-------+-------+-------+-------+-------++-------
Melee: War axe           |    80 |   305 |   227 |   670 |  1188 |  1405 |  1531 |  1285 ||  6691
       Morningstar       |       |       |       |       |    36 |     5 |       |       ||    41
Throw: Dart              |       |       |       |    19 |     6 |       |       |       ||    25
       Boomerang         |       |       |       |     3 |     5 |    12 |    15 |    13 ||    48
       Javelin           |       |       |       |       |       |       |     3 |    21 ||    24
Invok: Call Merchant     |       |       |       |     2 |       |     4 |       |     5 ||    11
Evoke: Wand              |       |       |     7 |    39 |    30 |    78 |     3 |     8 ||   165
       Lightning rod     |       |       |       |       |     6 |    22 |     8 |     8 ||    44
       Condenser vane    |       |       |       |       |       |     9 |     1 |     5 ||    15
       Tin of tremorston |       |       |       |       |       |       |     1 |     8 ||     9
  Use: Scroll            |       |     9 |     8 |    10 |     7 |    11 |     5 |     5 ||    55
       Potion            |       |       |       |    15 |     2 |    19 |     7 |    13 ||    56
 Stab: Paralysed         |       |       |    21 |     5 |     3 |       |     4 |     2 ||    35
       Distracted        |       |       |       |    13 |     6 |    13 |    14 |    20 ||    66
       Confused          |       |       |       |     1 |       |       |       |       ||     1
       Invisible         |       |       |       |     1 |       |     2 |     4 |       ||     7
       Fleeing           |       |       |       |       |       |     1 |       |       ||     1
Armor: Scale mail        |    49 |   114 |    68 |       |       |       |       |       ||   231
       Plate armour      |       |       |    51 |   367 |   529 |   700 |   382 |   420 ||  2449
Dodge: Dodged            |    42 |   142 |    64 |   259 |   500 |   640 |   448 |   459 ||  2554
Block: Buckler           |    14 |    83 |    51 |   248 |   123 |       |   337 |   929 ||  1785
       Kite shield       |       |       |       |       |   608 |  1639 |   907 |       ||  3154
       Reflection        |       |       |       |       |     1 |    34 |   110 |    19 ||   164
